Map: 2000 Atmospheres LE

Players

A.I. 2 (Hard)

  • Race: Protoss Protoss

llllllllllll - Winner!

  • Race: Protoss Protoss

VOD

Have the link to the VOD?

Description

Time

  • Played on: Feb. 23, 2022, 4:30 p.m.
  • Length: 8:05
Show
View Real Time Build Order
Export as new Build Order

A.I. 2 (Hard) Protoss 

Build Orders:  

Get SALT Encoding   

  12  0:00  Probe  
  13  0:13  Probe  
  14  0:19  Pylon  
  14  0:25  Probe  
  15  0:34  Probe  
  15  0:42  Probe  
  16  0:47  Assimilator  
  17  0:50  Gateway  
  17  0:52  Probe  
  18  0:59  Pylon  
  18  1:00  Probe  
  19  1:20  Probe  
  20  1:39  Zealot  
  22  1:41  Cybernetics Core  
  22  1:42  Gateway  
  22  1:45  Assimilator  
  22  1:58  Zealot  
  22  2:01  Pylon  
  24  2:13  Warp Gate  
  24  2:23  Adept  
  26  2:35  Zealot  
  28  2:40  Pylon  
  28  2:53  Zealot  
  30  3:03  Zealot  
  32  3:20  Stalker  
  34  3:27  Pylon  
  34  3:29  Probe  
  34  3:30  Stalker  
  37  3:41  Probe  
  38  3:48  Stalker  
  38  3:51  Forge  
  38  3:53  Probe  
  41  4:05  Probe  
  41  4:07  Adept  
  44  4:10  Pylon  
  44  4:17  Probe  
  44  4:23  Zealot  
  46  4:29  Probe  
  47  4:37  Stalker  
  49  4:41  Probe  
  48  4:50  Zealot  
  46  5:04  Zealot  
  48  5:09  Probe  
  48  5:18  Stalker  
  48  5:23  Stalker  
  50  5:38  Zealot  
  52  5:52  Zealot  
  50  5:58  Stalker  
  31  6:12  Stalker  
  24  6:22  Stalker  
  18  6:46  Probe  
Show
View Real Time Build Order
Export as new Build Order

llllllllllll Protoss - Winner!

Build Orders:  

Get SALT Encoding   

  12  0:01  Probe  
  13  0:13  Probe  
  14  0:18  Pylon  
  14  0:25  Probe (Chrono Boost)  
  15  0:38  Probe (Chrono Boost)  
  16  0:43  Probe (Chrono Boost)  
  16  0:46  Gateway  
  17  0:52  Probe  
  17  0:53  Assimilator  
  18  1:04  Probe (Chrono Boost)  
  19  1:11  Gateway  
  19  1:16  Probe (Chrono Boost)  
  20  1:24  Probe (Chrono Boost)  
  21  1:30  Probe  
  22  1:33  Cybernetics Core  
  22  1:35  Pylon  
  22  1:37  Assimilator  
  22  1:51  Gateway  
  22  2:05  Warp Gate (Chrono Boost)  
  22  2:11  Stalker x2  
  26  2:21  Gateway  
  26  2:27  Pylon  
  26  2:38  Stalker  
  26  2:42  Stalker  
  30  2:49  Sentry  
  32  3:08  Stalker x2  
  32  3:12  Stalker  
  38  3:45  Pylon  
  38  3:46  Pylon  
  38  4:05  Stalker x4  
  46  4:12  Pylon  
  46  4:31  Stalker x2  
  46  4:33  Sentry  
  46  4:36  Stalker  
  54  4:54  Pylon  
  54  4:59  Stalker x2  
  58  5:03  Stalker  
  60  5:12  Stalker  
  60  5:23  Stalker  
  62  5:29  Stalker  
  64  5:40  Stalker  
  66  5:48  Stalker  
  62  6:09  Stalker x2  
  64  6:17  Stalker  
  66  6:27  Stalker  
  68  6:45  Stalker  
  70  6:55  Nexus  
  70  6:57  Pylon  
  70  7:56  Stalker x4  
  78  8:03  Pylon  
  78  8:04  Pylon  
Tags
 
Add a new tag
Caveats
  • Supply blocks, unpowered buildings, or Contaminate may cause inaccurate times.
  • Supply counts are checked every 10 seconds.